AoeStats
← Sheogorath8053

Arena

509746739Analyzed
2v2 RM · 5d ago on Sep 27, 2026· 52m 14s· 4 players
Game mode
Random Map
Map size
Medium (4 player)
Population
200
Speed
Normal
Resources
Standard
Victory
Conquest
Starting age
Dark Age
Ending age
Imperial Age
RankedLock teamsTeams togetherTeam positionsShared explorationLock speedFull tech treeHidden civsTurbo modeCheats
Victory
Defeat
🇨🇱 Portuguese · Chile
947
+14
🇨🇱 Magyars · Chile
946
+14
🇫🇷 Bohemians · France
921
-14
🇫🇷 Japanese · France
905
-14
Call Me Abso
12:55 Feudal Age
14:28 Double-Bit Axe
18:10 Castle Age
16:03 Horse Collar
22:41 Imperial Age
20:03 Loom
20:55 Wheelbarrow
20:53 Bow Saw
21:26 Heavy Plow
22:47 Chemistry
38:48 Siege Engineers
39:51 Hand Cart
42:04 Pikeman
43:05 Fletching
43:19 Scale Mail Armor
44:16 Wagenburg Tactics
47:34 Houfnice
48:26 Town Watch
49:47 Two-Man Saw
50:02 Fortified Wall
50:15 Ballistics
50:07 Masonry
Sheogorath8053
8:13 Loom
11:02 Feudal Age
11:53 Double-Bit Axe
12:06 Horse Collar
13:45 Man-at-Arms
21:21 Castle Age
20:06 Fletching
20:18 Town Watch
21:43 Wheelbarrow
22:23 Bow Saw
22:35 Heavy Plow
23:26 Long Swordsman
45:13 Squires
Tomate
10:30 Feudal Age
15:47 Castle Age
15:28 Bloodlines
17:39 Double-Bit Axe
19:12 Scale Barding Armor
20:21 Horse Collar
21:57 Wheelbarrow
22:14 Husbandry
22:13 Light Cavalry
23:05 Man-at-Arms
25:08 Hand Cart
29:41 Chain Barding Armor
30:17 Town Watch
30:18 Loom
30:30 Gold Mining
30:54 Heavy Plow
31:07 Bow Saw
40:49 Imperial Age
39:16 Corvinian Army
39:40 Stone Mining
40:23 Fletching
44:04 Conscription
45:33 Cavalier
50:12 Plate Barding Armor
49:45 Elite Magyar Huszar
52:27 Crop Rotation
53:00 Two-Man Saw
nnickk0
9:46 Feudal Age
13:45 Castle Age
12:04 Double-Bit Axe
15:18 Loom
15:17 Horse Collar
17:55 Bow Saw
19:30 Fervor
29:18 Imperial Age
29:01 Gold Mining
30:46 Capped Ram
31:05 Man-at-Arms
31:31 Gambesons
32:41 Wheelbarrow
34:26 Long Swordsman
36:55 Hand Cart
36:52 Crossbowman
37:41 Thumb Ring
38:14 Arbalester
39:45 Town Watch
40:03 Stone Mining
41:53 Circumnavigation
42:10 Two-Handed Swordsman
47:54 Chemistry
47:00 Siege Engineers
46:51 Onager
Connection lost

Rejoining the realm…

Still unreachable

The connection could not be restored.

Session expired

The server has moved on; the page needs a fresh start.